NWL
MODESTO NUTS @ TRI-CITY DUST DEVILS
08/29/1982
 
TOP OF THE 1ST
Modesto Nuts batting - Pitching for Tri-City Dust Devils : RHP Dennis Howard
Pitching: RHP Dennis Howard
Batting: RHB Andre Lowe 0-0: Called Strike
0-1: Ball
1-1: Ball
2-1: Ball
3-1: Called Strike
3-2: Fly out, F8 (Flyball, 8RD, EV 96.9 MPH)
Batting: RHB Johnny Tutt 0-0: Ball
1-0: Called Strike
1-1: Called Strike
1-2: Ball
2-2: Strikes out swinging
Batting: LHB Dave McLaughlin 0-0: Called Strike
0-1: Called Strike
0-2: Foul Ball, location: 2F
0-2: Foul Ball, location: 2F
0-2: Ball
1-2: Ball
2-2: SINGLE (Line Drive, 56D, EV 98.1 MPH)
Batting: RHB Antonio Lopez 0-0: Called Strike
0-1: Ball
1-1: Called Strike
1-2: Strikes out swinging
Top of the 1st over - 0 runs, 1 hit, 0 errors, 1 left on base; Modesto 0 - Tri-City 0
BOTTOM OF THE 1ST
Tri-City Dust Devils batting - Pitching for Modesto Nuts : RHP Kevin Price
Pitching: RHP Kevin Price
Batting: LHB LaVel Freeman 0-0: Ball
1-0: Ball
2-0: Foul Ball, location: 2F
2-1: Foul Ball, location: 2F
2-2: Foul Ball, location: 2F
2-2: Ball
3-2: Fly out, F6 (Popup, 6M, EV 70.0 MPH)
Batting: LHB Kevin Jones 0-0: Ball
1-0: Called Strike
1-1: Ball
2-1: Fly out, F4 (Popup, 23, EV 82.5 MPH)
Batting: RHB Robert Martinez 0-0: Ball
1-0: Ball
2-0: Called Strike
2-1: Ball
3-1: Called Strike
3-2: Foul Ball, location: 2F
3-2: Strikes out swinging
Bottom of the 1st over - 0 runs, 0 hits, 0 errors, 0 left on base; Modesto 0 - Tri-City 0
TOP OF THE 2ND
Modesto Nuts batting - Pitching for Tri-City Dust Devils : RHP Dennis Howard
Batting: RHB James Cecchini 0-0: Swinging Strike
0-1: Swinging Strike
0-2: Strikes out swinging
Batting: LHB Nelson Burciaga 0-0: Called Strike
0-1: Ball
1-1: SINGLE (Groundball, 6MD, EV 96.3 MPH)
Batting: RHB Mike Miller 0-0: Ball
1-0: Ball
2-0: Called Strike
2-1: Ball
3-1: Base on Balls
Nelson Burciaga to second
Batting: RHB Jesus Vila 0-0: Called Strike
0-1: Reached on error, E5 (Groundball, 56S, EV 88.8 MPH)
Nelson Burciaga to third
Mike Miller to second
Batting: RHB Carlos Leal 0-0: Called Strike
0-1: Ball
1-1: Ball
2-1: Ball
3-1: Swinging Strike
3-2: Fielders Choice at 2nd, 6-4 (Groundball, 6, EV 78.8 MPH)
Nelson Burciaga scores
Mike Miller to third
Batting: RHB Andre Lowe 0-0: Ball
1-0: Foul Ball, location: 2F
1-1: SINGLE (Flyball, 56D, EV 90.6 MPH)
Mike Miller scores
Carlos Leal to second
Batting: RHB Johnny Tutt 0-0: Swinging Strike
0-1: Ball
1-1: Fielders Choice at 2nd, 6-4 (Groundball, 6, EV 88.8 MPH)
Top of the 2nd over - 2 runs, 2 hits, 1 error, 2 left on base; Modesto 2 - Tri-City 0
BOTTOM OF THE 2ND
Tri-City Dust Devils batting - Pitching for Modesto Nuts : RHP Kevin Price
Batting: RHB Desmond Brooks 0-0: Foul Ball, location: 2F
0-1: Foul Ball, location: 2F
0-2: Strikes out looking
Batting: LHB Rafael Codinach 0-0: Ball
1-0: Foul Ball, location: 2F
1-1: DOUBLE (Flyball, 8RXD, EV 108.1 MPH)
Batting: LHB Daraka Shaheed 0-0: Swinging Strike
0-1: Ball
1-1: Fly out, F4 (Line Drive, 4, EV 71.3 MPH)
Batting: RHB Dennis Glynn 0-0: Swinging Strike
0-1: Foul Ball, location: 2F
0-2: Ball
1-2: Ball
2-2: Strikes out swinging
Bottom of the 2nd over - 0 runs, 1 hit, 0 errors, 1 left on base; Modesto 2 - Tri-City 0
TOP OF THE 3RD
Modesto Nuts batting - Pitching for Tri-City Dust Devils : RHP Dennis Howard
Batting: LHB Dave McLaughlin 0-0: Ball
1-0: Called Strike
1-1: Ball
2-1: Foul Ball, location: 2F
2-2: Fly out, F8 (Flyball, 8LD, EV 95.6 MPH)
Batting: RHB Antonio Lopez 0-0: Ball
1-0: Swinging Strike
1-1: Ball
2-1: Ball
3-1: Called Strike
3-2: Fly out, F7 (Line Drive, 7, EV 95.6 MPH)
Batting: RHB James Cecchini 0-0: Ball
1-0: Ball
2-0: Called Strike
2-1: DOUBLE (Flyball, 89D, EV 87.5 MPH)
Batting: LHB Nelson Burciaga 0-0: Called Strike
0-1: Fly out, F8 (Flyball, 8LD, EV 86.3 MPH)
Top of the 3rd over - 0 runs, 1 hit, 0 errors, 1 left on base; Modesto 2 - Tri-City 0
BOTTOM OF THE 3RD
Tri-City Dust Devils batting - Pitching for Modesto Nuts : RHP Kevin Price
Batting: RHB Gereld McDermott 0-0: Called Strike
0-1: Swinging Strike
0-2: Ball
1-2: Foul Ball, location: 2F
1-2: Fly out, F9 (Flyball, 9, EV 95.6 MPH)
Batting: RHB Jeff DeWillis 0-0: Foul Ball, location: 2F
0-1: Called Strike
0-2: Ball
1-2: Ground out 4-3 (Groundball, 34, EV 85.0 MPH)
Batting: LHB LaVel Freeman 0-0: Ball
1-0: Called Strike
1-1: Swinging Strike
1-2: Ground out 1-3 (Groundball, 13S, EV 73.8 MPH)
Bottom of the 3rd over - 0 runs, 0 hits, 0 errors, 0 left on base; Modesto 2 - Tri-City 0
TOP OF THE 4TH
Modesto Nuts batting - Pitching for Tri-City Dust Devils : RHP Dennis Howard
Batting: RHB Mike Miller 0-0: Ball
1-0: Ground out 6-3 (Groundball, 6, EV 101.9 MPH)
Batting: RHB Jesus Vila 0-0: Fly out, F8 (Flyball, 8LM, EV 75.6 MPH)
Batting: RHB Carlos Leal 0-0: Fly out, F9 (Flyball, 9S, EV 88.1 MPH)
Top of the 4th over - 0 runs, 0 hits, 0 errors, 0 left on base; Modesto 2 - Tri-City 0
BOTTOM OF THE 4TH
Tri-City Dust Devils batting - Pitching for Modesto Nuts : RHP Kevin Price
Batting: LHB Kevin Jones 0-0: Fly out, F8 (Flyball, 8LM, EV 94.4 MPH)
Batting: RHB Robert Martinez 0-0: Ball
1-0: Foul Ball, location: 2F
1-1: Foul Ball, location: 2F
1-2: SINGLE (Line Drive, 9S, EV 96.9 MPH)
Batting: RHB Desmond Brooks 0-0: Ball
Robert Martinez steals 2nd base
1-0: Ball
2-0: Ball
3-0: Called Strike
3-1: Base on Balls
Batting: LHB Rafael Codinach 0-0: Fly out, F8 (Flyball, 8LM, EV 75.6 MPH)
Batting: LHB Daraka Shaheed 0-0: Ground out 4-3 (Groundball, 4, EV 83.1 MPH)
Bottom of the 4th over - 0 runs, 1 hit, 0 errors, 2 left on base; Modesto 2 - Tri-City 0
TOP OF THE 5TH
Modesto Nuts batting - Pitching for Tri-City Dust Devils : RHP Dennis Howard
Batting: RHB Andre Lowe 0-0: Ball
1-0: Ball
2-0: Ball
3-0: Base on Balls
Batting: RHB Johnny Tutt 0-0: Foul Ball, location: 2F
0-1: Ball
1-1: SINGLE (Line Drive, 89M, EV 109.4 MPH)
Andre Lowe to second
Batting: LHB Dave McLaughlin 0-0: Called Strike
0-1: Ball
1-1: Ball
2-1: Swinging Strike
2-2: Ball
3-2: Foul Ball, location: 2F
3-2: Fielders Choice at 2nd, 6-4 (Groundball, 6M, EV 84.4 MPH)
Andre Lowe to third
Batting: RHB Antonio Lopez 0-0: Ball
1-0: Fly out, F9 (Flyball, 9LD, EV 104.4 MPH)
Runner from 3rd tags up, OUT at HOME! 9-2
Top of the 5th over - 0 runs, 1 hit, 0 errors, 1 left on base; Modesto 2 - Tri-City 0
BOTTOM OF THE 5TH
Tri-City Dust Devils batting - Pitching for Modesto Nuts : RHP Kevin Price
Batting: RHB Dennis Glynn 0-0: Ball
1-0: Ball
2-0: Foul Ball, location: 2F
2-1: Ball
3-1: Base on Balls
Batting: RHB Gereld McDermott 0-0: Swinging Strike
0-1: Ball
1-1: Foul Ball, location: 2F
1-2: Foul Ball, location: 2F
1-2: Strikes out swinging
Batting: RHB Jeff DeWillis 0-0: Called Strike
0-1: Ball
1-1: Ball
2-1: Ball
3-1: Grounds into double play, 5-4-3 (Groundball, 56S, EV 86.9 MPH)
Bottom of the 5th over - 0 runs, 0 hits, 0 errors, 0 left on base; Modesto 2 - Tri-City 0
TOP OF THE 6TH
Modesto Nuts batting - Pitching for Tri-City Dust Devils : RHP Dennis Howard
Batting: RHB James Cecchini 0-0: Ball
1-0: SINGLE (Groundball, 4MD, EV 105.0 MPH)
Batting: LHB Nelson Burciaga 0-0: Called Strike
0-1: Hit by Pitch
James Cecchini to second
Batting: RHB Mike Miller 0-0: Ball
1-0: Grounds into double play, 6-4-3 (Groundball, 6M, EV 86.9 MPH)
James Cecchini to third
Batting: RHB Jesus Vila 0-0: Intentional Walk
Batting: RHB Carlos Leal 0-0: Ball
1-0: Ball
2-0: Foul Ball, location: 2F
2-1: Ball
3-1: Ground out 4-3 (Groundball, 4, EV 93.1 MPH)
Top of the 6th over - 0 runs, 1 hit, 0 errors, 2 left on base; Modesto 2 - Tri-City 0
BOTTOM OF THE 6TH
Tri-City Dust Devils batting - Pitching for Modesto Nuts : RHP Kevin Price
Batting: LHB LaVel Freeman 0-0: Ball
1-0: Foul Ball, location: 2F
1-1: Ball
2-1: Ball
3-1: Fly out, F8 (Flyball, 8LM, EV 71.9 MPH)
Batting: LHB Kevin Jones 0-0: Ball
1-0: Called Strike
1-1: Fly out, F7 (Flyball, 7, EV 91.3 MPH)
Batting: RHB Robert Martinez 0-0: Foul Ball, location: 2F
0-1: Ball
1-1: Called Strike
1-2: Ball
2-2: Ground out 5-3 (Groundball, 5, EV 83.8 MPH)
Bottom of the 6th over - 0 runs, 0 hits, 0 errors, 0 left on base; Modesto 2 - Tri-City 0
TOP OF THE 7TH
Modesto Nuts batting - Pitching for Tri-City Dust Devils : RHP Dennis Howard
Batting: RHB Andre Lowe 0-0: Ball
1-0: Called Strike
1-1: SINGLE (Groundball, 4MD, EV 101.9 MPH)
Batting: RHB Johnny Tutt 0-0: Fielders Choice at 2nd, 6-4 (Groundball, 6, EV 83.8 MPH)
Batting: LHB Dave McLaughlin 0-0: Ball
Pickoff Throw to First - Error! E1
Johnny Tutt to second
1-0: Intentional Walk
Batting: RHB Antonio Lopez 0-0: SINGLE (Line Drive, 78S, EV 98.1 MPH)
Johnny Tutt to third
Dave McLaughlin to second
Runner from 3rd tries for Home, SAFE, throw by LF to home
Batting: RHB James Cecchini 0-0: Called Strike
0-1: Ball
Dave McLaughlin steals 3rd base (no throw)
Antonio Lopez to second
1-1: Ball
2-1: Ball
3-1: Called Strike
3-2: Ground out 4-3 (Groundball, 34, EV 92.5 MPH)
Batting: LHB Nelson Burciaga 0-0: DOUBLE (Line Drive, 7LS, EV 106.9 MPH)
Dave McLaughlin scores
Antonio Lopez scores
Pitching: LHP Ricky Mendoza
Batting: RHB Mike Miller 0-0: Foul Ball, location: 2F
0-1: Called Strike
0-2: Ball
1-2: Ball
2-2: SINGLE (Flyball, 5D, EV 93.8 MPH) - OUT at second base trying to stretch hit.
Nelson Burciaga scores
Top of the 7th over - 4 runs, 4 hits, 1 error, 0 left on base; Modesto 6 - Tri-City 0
BOTTOM OF THE 7TH
Tri-City Dust Devils batting - Pitching for Modesto Nuts : RHP Kevin Price
Batting: RHB Desmond Brooks 0-0: Called Strike
0-1: Fly out, F6 (Popup, 6MD, EV 65.0 MPH)
Batting: LHB Rafael Codinach 0-0: Ball
1-0: Ground out 5-3 (Groundball, 56, EV 100.0 MPH)
Batting: LHB Daraka Shaheed 0-0: Called Strike
0-1: Called Strike
0-2: Strikes out swinging
Bottom of the 7th over - 0 runs, 0 hits, 0 errors, 0 left on base; Modesto 6 - Tri-City 0
TOP OF THE 8TH
Modesto Nuts batting - Pitching for Tri-City Dust Devils : LHP Ricky Mendoza
Batting: RHB Jesus Vila 0-0: Foul Ball, location: 2F
0-1: Called Strike
0-2: Foul Ball, location: 2F
0-2: Ball
1-2: Ball
2-2: Foul Ball, location: 2F
2-2: Ball
3-2: Base on Balls
Batting: RHB Carlos Leal 0-0: Swinging Strike
0-1: Called Strike
0-2: Ball
1-2: Strikes out swinging
Batting: RHB Andre Lowe 0-0: Grounds into double play, 3-6-1 (Groundball, 34, EV 94.4 MPH)
Top of the 8th over - 0 runs, 0 hits, 0 errors, 0 left on base; Modesto 6 - Tri-City 0
BOTTOM OF THE 8TH
Tri-City Dust Devils batting - Pitching for Modesto Nuts : RHP Kevin Price
Batting: RHB Dennis Glynn 0-0: Ball
1-0: Fly out, F8 (Flyball, 8RS, EV 85.0 MPH)
Batting: RHB Gereld McDermott 0-0: Ball
1-0: Ground out U3 (Groundball, 34, EV 91.9 MPH)
Batting: RHB Jeff DeWillis 0-0: Called Strike
0-1: Called Strike
0-2: Ball
1-2: Ball
2-2: Ball
3-2: Ground out 1-3 (Groundball, P, EV 65.0 MPH)
Bottom of the 8th over - 0 runs, 0 hits, 0 errors, 0 left on base; Modesto 6 - Tri-City 0
TOP OF THE 9TH
Modesto Nuts batting - Pitching for Tri-City Dust Devils : LHP Ricky Mendoza
Batting: RHB Johnny Tutt 0-0: Ball
1-0: Called Strike
1-1: Foul Ball, location: 2F
1-2: Ground out U3 (Groundball, 34S, EV 84.4 MPH)
Batting: LHB Dave McLaughlin 0-0: Called Strike
0-1: Ground out 6-3 (Groundball, 6, EV 85.6 MPH)
Batting: RHB Antonio Lopez 0-0: Ball
1-0: Ball
2-0: Foul Ball, location: 2F
2-1: Ball
3-1: Base on Balls
Batting: RHB James Cecchini 0-0: Called Strike
0-1: Swinging Strike
0-2: Ball
1-2: Ball
2-2: Strikes out swinging
Top of the 9th over - 0 runs, 0 hits, 0 errors, 1 left on base; Modesto 6 - Tri-City 0
BOTTOM OF THE 9TH
Tri-City Dust Devils batting - Pitching for Modesto Nuts : RHP Kevin Price
Pitching: RHP Glenn Ray
Batting: LHB LaVel Freeman 0-0: Ball
1-0: Ball
2-0: Foul Ball, location: 2F
2-1: Fly out, F8 (Flyball, 78S, EV 87.5 MPH)
Batting: LHB Kevin Jones 0-0: Called Strike
0-1: Ball
1-1: Ball
2-1: Ball
3-1: Foul Ball, location: 2F
3-2: Foul Ball, location: 2F
3-2: Strikes out swinging
Batting: RHB Robert Martinez 0-0: Ball
1-0: Foul Ball, location: 2F
1-1: Ground out U3 (Groundball, 34S, EV 70.6 MPH)
Bottom of the 9th over - 0 runs, 0 hits, 0 errors, 0 left on base; Modesto 6 - Tri-City 0
Thursday, August 27th, 2020 - OOTP Baseball 21.5 Build 76